 Dungeon Crawl Stone Soup version 0.31.0-9-g3a7656b989 (webtiles) character file.

Game seed: 4039103742363039754

129 booth the Ducker (level 5, -1/47 HPs)
             Began as a Gnoll Monk on Jan 24, 2024.
             Was a Priest of Cheibriados.
             Slain by Grinder (6 damage)
             ... on level 3 of the Dungeon.
             The game lasted 00:13:06 (1990 turns).

booth the Ducker (Gnoll Monk)                       Turns: 1990, Time: 00:13:07

Health: -1/47      AC:  5    Str: 19    XL:     5   Next: 12%
Magic:  7/7        EV: 16    Int: 16    God:    Cheibriados [***...]
Gold:   178        SH:  0    Dex: 22    Spells: 6/6 levels left

rFire   . . .        a - +0 hand axe
rCold   . . .        d - orb {light}
rNeg    . . .        j - +0 leather armour
rPois   .            h - +0 helmet
rElec   .            (no cloak)
rCorr   .            (no gloves)
SInv    .            r - +0 pair of boots
Will    .....        (no amulet)
Stlth   +            (no ring)
HPRegen 0.27/turn    (no ring)
MPRegen 0.10/turn

%: no passive effects
@: glowing, very slow
A: fangs 1, strong nose, distributed training
a: Renounce Religion, Bend Time, Temporal Distortion


You were on level 3 of the Dungeon.
You worshipped Cheibriados.
Cheibriados was most pleased with you.
You visited 1 branch of the dungeon, and saw 3 of its levels.

You collected 178 gold pieces.

Inventory:

Hand Weapons
 a - a +0 hand axe (weapon)
Missiles
 m - a throwing net
 n - 3 javelins (quivered)
 o - 4 poisoned darts
Armour
 c - a +3 leather armour of cold resistance
 d - an orb of light (worn)
 h - a +0 helmet (worn)
 j - a +0 leather armour (worn)
 r - a +0 pair of boots (worn)
Wands
 s - a wand of iceblast (10)
Scrolls
 e - a scroll of butterflies
 f - a scroll of fear {unknown}
 g - 2 scrolls of immolation
 i - a scroll of enchant armour {unknown}
 k - a scroll of revelation {unknown}
 p - a scroll of blinking
Potions
 b - a potion of brilliance
 l - a potion of haste {unknown}
 q - a potion of enlightenment {unknown}


   Skills:
 + Level 6.7 Fighting
 + Level 1.4 Short Blades
 + Level 1.4 Long Blades
 + Level 6.7 Axes
 + Level 1.4 Maces & Flails
 + Level 1.4 Polearms
 + Level 1.4 Staves
 + Level 1.4 Ranged Weapons
 + Level 1.4 Throwing
 + Level 1.4 Armour
 + Level 6.7 Dodging
 + Level 1.4 Stealth
 + Level 1.4 Shields
 + Level 1.4 Unarmed Combat
 + Level 1.4 Spellcasting
 + Level 1.1 Conjurations
 + Level 1.1 Hexes
 + Level 1.1 Summonings
 + Level 1.1 Necromancy
 + Level 1.1 Translocations
 + Level 1.1 Fire Magic
 + Level 1.1 Ice Magic
 + Level 1.1 Air Magic
 + Level 1.1 Earth Magic
 + Level 1.1 Alchemy
 + Level 1.6 Invocations
 + Level 1.4 Evocations
 + Level 1.3 Shapeshifting


You had 6 spell levels left.
You didn't know any spells.
Your spell library was empty.

Dungeon Overview and Level Annotations

Branches:
Dungeon (3/15)

Altars:
Cheibriados

Shops:
D:1 =[:

Annotations:
D:3 Grinder


Innate Abilities, Weirdness & Mutations

You have very sharp teeth.
Your uncanny sense of smell can sniff out nearby items.
Your experience applies equally to all skills.


Message History

Grinder gestures at you. Pain shoots through your body!
You barely miss Grinder.
Grinder is heavily wounded.
Grinder hits you but does no damage.
You barely miss Grinder. You bite Grinder, but do no damage.
Grinder is heavily wounded.
Grinder barely misses you.
You hit Grinder.
Grinder is heavily wounded.
Grinder hits you but does no damage.
You hit Grinder.
Grinder is severely wounded.
Grinder hits you.
You hit Grinder.
Grinder is severely wounded.
Grinder hits you.
You writhe in agony.
You completely miss Grinder. You bite Grinder, but do no damage.
Grinder is severely wounded.
Grinder gestures at you.
You suddenly lose the ability to move!
Grinder hits you.
You writhe in agony.
* * * LOW HITPOINT WARNING * * *
You can move again.
You hit Grinder but do no damage.
Grinder is severely wounded.
Grinder blinks!
Aiming: Iceblast
Press: ? - help, Q - select action, (/) - cycle Shift-Dir - straight line, f - Grinder
Aim: Grinder (severely wounded, haloed)
The mass of ice explodes!
The iceblast engulfs Grinder.
Grinder partially resists.
Grinder is severely wounded.
You closely miss Grinder.
Grinder is severely wounded.
Grinder hits you!
* * * LOW HITPOINT WARNING * * *
You writhe in agony.
You die...
Grinder says, "Hey, I wasn't done torturing you yet!"

# .# ########..#
####........#
...........# #.#
####.# #.@5.# #§####
##.# ∆ #..# ###.##..
..######...#..# ###
..........##.## ###.#
##............###...#
######.......#....##


You could see Grinder.

Vanquished Creatures
  Ijyb (D:3)
  Jessica (D:2)
  An iguana (D:3)
  An adder (D:2)
  2 ribbon worms
  2 bats
  7 endoplasms
  2 giant cockroaches
  2 goblins
  6 hobgoblins
  3 quokkas
  3 ball pythons
  3 kobolds (D:1)
  A rat (D:1)
35 creatures vanquished.

Notes
Turn   | Place    | Note
-------+----------+-------------------------------------------
     0 | D:1      | booth the Gnoll Monk began the quest for the Orb.
     0 | D:1      | Reached XP level 1. HP: 23/23 MP: 1/1
    67 | D:1      | Found Ashoept's Antique Armour Shop.
   273 | D:1      | Found Vaiz's Jewellery Emporium.
   355 | D:1      | Reached XP level 2. HP: 27/29 MP: 2/2
   489 | D:1      | Found Muclot's Book Emporium.
   510 | D:1      | Found a faded altar of an unknown god.
   527 | D:1      | Prayed at the altar of an unknown god.
   527 | D:1      | Became a worshipper of Cheibriados the Contemplative
   527 | D:1      | Reached * piety under Cheibriados
   527 | D:1      | Reached ** piety under Cheibriados
   959 | D:2      | Reached *** piety under Cheibriados
   982 | D:2      | Reached XP level 3. HP: 35/35 MP: 3/3
  1132 | D:2      | Noticed Jessica
  1144 | D:2      | Killed Jessica
  1145 | D:2      | Reached skill level 1 in Short Blades
  1145 | D:2      | Reached skill level 1 in Long Blades
  1145 | D:2      | Reached skill level 1 in Maces & Flails
  1145 | D:2      | Reached skill level 1 in Polearms
  1145 | D:2      | Reached skill level 1 in Staves
  1145 | D:2      | Reached skill level 1 in Ranged Weapons
  1145 | D:2      | Reached skill level 1 in Throwing
  1145 | D:2      | Reached skill level 1 in Armour
  1145 | D:2      | Reached skill level 1 in Stealth
  1145 | D:2      | Reached skill level 1 in Shields
  1145 | D:2      | Reached skill level 1 in Unarmed Combat
  1145 | D:2      | Reached skill level 1 in Spellcasting
  1145 | D:2      | Reached skill level 1 in Invocations
  1145 | D:2      | Reached skill level 1 in Evocations
  1224 | D:2      | Reached skill level 1 in Shapeshifting
  1224 | D:2      | Reached XP level 4. HP: 40/41 MP: 5/5
  1782 | D:3      | Reached skill level 1 in Conjurations
  1782 | D:3      | Reached skill level 1 in Hexes
  1782 | D:3      | Reached skill level 1 in Summonings
  1782 | D:3      | Reached skill level 1 in Necromancy
  1782 | D:3      | Reached skill level 1 in Translocations
  1782 | D:3      | Reached skill level 1 in Fire Magic
  1782 | D:3      | Reached skill level 1 in Ice Magic
  1782 | D:3      | Reached skill level 1 in Air Magic
  1782 | D:3      | Reached skill level 1 in Earth Magic
  1782 | D:3      | Reached skill level 1 in Alchemy
  1945 | D:3      | Noticed Ijyb
  1971 | D:3      | Killed Ijyb
  1972 | D:3      | Reached XP level 5. HP: 39/47 MP: 5/7
  1974 | D:3      | Noticed Grinder
  1986 | D:3      | Paralysed by Grinder for 2 turns
  1990 | D:3      | Slain by Grinder

Illustrated notes

Levels and vault maps discovered:
D:1:      eino_arrival_tree_alley, layout_basic,
          hellmonk_ecumenical_altar_blasted, serial_shops, nicolae_diamond_shop,
          nicolae_shop_back_alley_shop, shop
D:2:      kennysheep_big_flooded_room, layout_loops_cross, st_stairs_7,
          minivault_24, uniq_jessica
D:3:      layout_rooms, minitemple, uniq_ijyb, uniq_grinder, uniq_sigmund

Skill      XL: |  1  2  3  4 |
---------------+-------------+-----
Short Blades   | 1 |  1.4
Long Blades    | 1 |  1.4
Maces & Flails | 1 |  1.4
Polearms       | 1 |  1.4
Staves         | 1 |  1.4
Ranged Weapons | 1 |  1.4
Throwing       | 1 |  1.4
Armour         | 1 |  1.4
Stealth        | 1 |  1.4
Shields        | 1 |  1.4
Unarmed Combat | 1 |  1.4
Spellcasting   | 1 |  1.4
Invocations    | 1 |  1.6
Evocations     | 1 |  1.4
Shapeshifting  | 1 |  1.3
Conjurations   | 1 |  1.1
Hexes          | 1 |  1.1
Summonings     | 1 |  1.1
Necromancy     | 1 |  1.1
Translocations | 1 |  1.1
Fire Magic     | 1 |  1.1
Ice Magic      | 1 |  1.1
Air Magic      | 1 |  1.1
Earth Magic    | 1 |  1.1
Alchemy        | 1 |  1.1
Fighting       | |  6.7
Axes           | |  6.7
Dodging        | |  6.7

Action                     |  1- 3 |  4- 6 || total
---------------------------+-------+-------++-------
  Melee: Hand axe          |    66 |    76 ||   142
         Bite              |     6 |    14 ||    20
  Evoke: Wand              |       |     1 ||     1
    Use: Scroll            |     1 |     5 ||     6
         Potion            |       |     1 ||     1
 Armour: Robe              |    15 |       ||    15
         Leather armour    |     7 |    24 ||    31
  Dodge: Dodged            |    44 |    44 ||    88
